 Dungeon Crawl Stone Soup version 0.25.0 (webtiles) character file.

Game seed: 5893179668087426745

448 Anothat the Cudgeler (level 7, -3/48 HPs)
             Began as a Gargoyle Fighter on June 12, 2020.
             Slain by an orc warrior
             ... wielding a +0 trident
              (6 damage)
             ... on level 4 of the Dungeon.
             The game lasted 00:08:14 (3562 turns).

Anothat the Cudgeler (Gargoyle Fighter)             Turns: 3562, Time: 00:08:14

Health: -3/48      AC: 13    Str: 20    XL:     7   Next: 4%
Magic:  0/7        EV: 12    Int:  8    God:
Gold:   176        SH:  9    Dex:  9    Spells: 6/6 levels left

rFire    . . .     SeeInvis .   a - +1 flail
rCold    . . .     Gourm    .   c - +0 kite shield
rNeg     + . .     Faith    .   b - +1 scale mail
rPois    ∞         Spirit   +   (no helmet)
rElec    +         Reflect  .   (no cloak)
rCorr    .         Harm     .   (no gloves)
MR       +....                  (no boots)
Stlth    ..........             h - amulet of guardian spirit
HPRegen  0.16/turn              p - +4 ring of evasion
MPRegen  0.10/turn              (no ring)

@: no status effects
A: talons 1, magic resistance 1, negative energy resistance 1, robust 1,
electricity resistance, weak 1, unbreathing, petrification resistance, rot
immunity, AC +4
a: no special abilities


You were on level 4 of the Dungeon.
You were not hungry.

You visited 1 branch of the dungeon, and saw 4 of its levels.

You collected 176 gold pieces.

Inventory:

Hand Weapons
 a - a +1 flail (weapon)
Armour
 b - a +1 scale mail (worn)
 c - a +0 kite shield (worn)
Jewellery
 h - an amulet of guardian spirit (around neck)
 i - an uncursed amulet of the acrobat
 p - a +4 ring of evasion (left hand)
Wands
 q - a wand of polymorph (11)
 s - a wand of flame (11)
 u - a wand of iceblast (8)
Scrolls
 e - 2 scrolls of remove curse
 g - 3 scrolls of immolation
 j - a scroll of enchant armour
 m - a scroll of identify {unknown}
Potions
 k - a potion of might
 n - a potion of stabbing {unknown}
 o - a potion of haste {unknown}
 r - a potion of mutation
 t - a potion of berserk rage {unknown}
Comestibles
 f - 9 rations
 v - a chunk of flesh


   Skills:
 + Level 4.3 Fighting
 * Level 4.8 Maces & Flails
 + Level 4.5 Armour
 - Level 1.4 Dodging
 - Level 0.3 Stealth
 + Level 4.7 Shields


You had 6 spell levels left.
You didn't know any spells.
Your spell library was empty.

Dungeon Overview and Level Annotations

Branches:
Dungeon (4/15)
 Temple: D:4-7

Altars:
Kikubaaqudgha
Vehumet
Xom
Zin


Innate Abilities, Weirdness & Mutations

You are resistant to torment.
Your stone body is resilient. (AC +4)
You are immune to poison.
You resist negative energy. (rN+)
You are resistant to electric shocks. (rElec)
You can survive without breathing.
You are immune to petrification.
You are immune to rotting.
You have sharp toenails.
You are resistant to hostile enchantments. (MR+)
You are robust. (+10% HP)
You are weak. (Str -2)


Message History

As you read the scroll labeled UNKOZEU JAOROK, it crumbles to dust.
You feel blessed for a moment.
It was a scroll of remove curse.
The orc warrior hits you but does no damage.
The orc closely misses you.
As you read the scroll labeled VOHISA NIOL, it crumbles to dust.
It is a scroll of enchant armour.
Your +0 scale mail glows green for a moment.
The orc warrior hits you with a +0 trident.
* * * LOW HITPOINT WARNING * * *
The orc hits you but does no damage.
As you read the scroll labeled XEAPUI FYOXZUO, it crumbles to dust.
The creatures around you are filled with an inner flame!
It was a scroll of immolation.
The orc priest casts a cantrip, but nothing happens.
You block the orc warrior's attack. You block the orc's attack.
As you read the scroll labeled DELOFUXEXUELUZ, it crumbles to dust.
It is a scroll of enchant weapon.
Your +0 flail glows red for a moment.
The orc warrior hits you with a +0 trident!
You die...

##........#...>....
##.........#........
#..
#8.........#........
...o
##.........#.#######
#o..# #...#########
o..##..## ...##.#
#..#.# ######.#@#
.......oo#
......#### #####


You could see an orc warrior (inner flame) and an orc (inner flame).

Vanquished Creatures
  Sigmund (D:2)
  An orc priest (D:4)
  An orc wizard (D:4)
  2 worker ants (D:4)
  An iguana (D:4)
  5 adders
  An ooze (D:1)
  2 worms
  2 dart slugs
  3 leopard geckos
  6 orcs (D:4)
  A bat zombie (D:3)
  2 giant cockroaches
  8 goblins
  10 hobgoblins
  20 jackals
  A quokka (D:2)
  8 bats
  7 frilled lizards
  10 kobolds
  5 rats
97 creatures vanquished.

Notes
Turn   | Place    | Note
-------+----------+-------------------------------------------
     0 | D:1      | Anothat the Gargoyle Fighter began the quest for the Orb.
     0 | D:1      | Reached XP level 1. HP: 14/14 MP: 1/1
   263 | D:1      | Reached XP level 2. HP: 19/19 MP: 2/2
   420 | D:1      | Reached XP level 3. HP: 23/23 MP: 3/3
  1078 | D:2      | Noticed Sigmund
  1142 | D:2      | Killed Sigmund
  1142 | D:2      | Reached skill level 1 in Dodging
  1142 | D:2      | Reached XP level 4. HP: 10/29 MP: 4/4
  1142 | D:2      | Reached XP level 5. HP: 12/33 MP: 5/5
  1502 | D:2      | Reached XP level 6. HP: 38/38 MP: 6/6
  1531 | D:2      | Found a shimmering altar of Xom.
  1738 | D:2      | Noticed an angel
  1741 | D:2      | Found a glowing silver altar of Zin.
  2215 | D:3      | Found an ancient bone altar of Kikubaaqudgha.
  2779 | D:4      | Found a radiant altar of Vehumet.
  3522 | D:4      | Gained mutation: You have sharp toenails. [potion of
                  | mutation]
  3522 | D:4      | Gained mutation: You are robust. (+10% HP) [potion of
                  | mutation]
  3522 | D:4      | Gained mutation: You are weak. (Str -2) [potion of
                  | mutation]
  3522 | D:4      | Gained mutation: You are resistant to hostile enchantments.
                  | (MR+) [potion of mutation]
  3542 | D:4      | Reached XP level 7. HP: 43/48 MP: 7/7
  3562 | D:4      | Slain by an orc warrior

Illustrated notes

Levels and vault maps discovered:
D:1:      dpeg_arrival_brainrot, layout_loops_ring
D:2:      layout_basic, grunt_temple_overflow_order_and_chaos_1,
          kennysheep_generic_room_12, uniq_sigmund
D:3:      layout_loops_ring, lemuel_zombie_altar_kikubaaqudgha
D:4:      layout_gridville, vehumet_altar_wand_db, first_ration,
          guppyfry_early_orc_mine

Skill      XL: |  1  2  3  4  5  6 |
---------------+-------------------+-----
Maces & Flails | 3 4 |  4.8
Armour         | 4 |  4.5
Dodging        | 1 |  1.4
Shields        | 4 |  4.7
Fighting       | 4 |  4.3
Stealth        | |  0.3

Action                   |  1- 3 |  4- 6 |  7- 9 || total
-------------------------+-------+-------+-------++-------
Melee: Flail             |   129 |   267 |     9 ||   405
       Kick              |       |     1 |     2 ||     3
  Use: Potion            |     4 |     2 |     1 ||     7
       Scroll            |       |       |     4 ||     4
  Eat: Chunk             |     1 |     8 |       ||     9
Armor: Scale mail        |    53 |   152 |     4 ||   209
       Skin              |    17 |       |       ||    17
Dodge: Dodged            |    30 |   150 |     3 ||   183
Block: Kite shield       |    65 |   150 |    11 ||   226
